 Dungeon Crawl Stone Soup version 0.31-a0-1338-gb567cfdca4 (webtiles) character file.

Game seed: 10325261461998877412

35 LeprechaunX the Changeling (level 3, 0/24 HPs)
             Began as an Octopode Shapeshifter on Dec 21, 2023.
             Slain by a goblin
             ... wielding a +2 dagger of electrocution
              (19 damage)
             ... on level 2 of the Dungeon.
             The game lasted 00:00:52 (731 turns).

LeprechaunX the Changeling (Octopode Shapeshifter)   Turns: 731, Time: 00:00:54

Health: 0/24       AC:  1    Str: 15    XL:     3   Next: 33%
Magic:  3/3        EV: 13    Int: 12    God:
Gold:   47         SH:  0    Dex: 11    Spells: 2/2 levels left

rFire   . .          .
                       - Unarmed
rCold   . . .        (no shield)
rNeg    . . .        (helmet currently unavailable)
rPois   .            (no amulet)
rElec   .            (no ring)
rCorr   .            (no ring)
SInv    .            (no ring)
Will    .....        (no ring)
Stlth   ++           (no ring)
HPRegen 0.24/turn    (no ring)
MPRegen 0.08/turn    (no ring)
                     (no ring)

%: no passive effects
@: beast-form
A: beast (slay +2), almost no armour, amphibious, 8 rings, camouflage 1,
gelatinous body 1, (nimble swimmer 1), tentacles
a: Begin Untransformation


You were on level 2 of the Dungeon.
You were a hulking beast.
You visited 1 branch of the dungeon, and saw 2 of its levels.

You collected 47 gold pieces.

Inventory:

Hand Weapons
 a - a +0 sling
Talismans
 b - a beast talisman
 c - a flux talisman
 l - a blade talisman
Scrolls
 f - a scroll of poison {unknown}
 g - 2 scrolls of teleportation {unknown}
 j - a scroll of identify {unknown}
 k - a scroll of blinking {unknown}
Potions
 d - a potion of curing {unknown}
 e - a potion of invisibility {unknown}
 h - a potion of lignification
 i - a potion of haste {unknown}


   Skills:
 + Level 1.7 Fighting
 - Level 2.0 Dodging
 + Level 3.3 Unarmed Combat
 * Level 3.6 Shapeshifting


You had 2 spell levels left.
You didn't know any spells.
Your spell library was empty.

Dungeon Overview and Level Annotations

Branches:
Dungeon (2/15)

Altars:


Innate Abilities, Weirdness & Mutations

You are a hulking beast.
Your limbs bulge with bestial killing power. (Slay +2)
You cannot wear most types of armour.
You are amphibious.
You can wear up to eight rings at the same time.
Your skin changes colour to match your surroundings (Stealth+).
Your rubbery body absorbs attacks. (AC +1, EV +1)
((You are camouflaged when in or above water. (Stealth+)))
You have tentacles for arms and can constrict up to eight enemies at once.


Message History

No target in view!
No target in view!
You see here a stone.
Done exploring.
Done exploring.
Done exploring.
Done exploring.
Done exploring.
Search for what [? for help]? .
Unknown command.
There is a stone staircase leading down here.
You climb downwards.
Found 11 gold pieces and a blade talisman.
There is a stone staircase leading up here.
There are monsters nearby!
The worm bites you!
You tentacle-slap the worm but do no damage.
You grab the worm. You squeeze the worm!
The worm is severely wounded.
You constrict the worm, but do no damage.
The giant cockroach misses you.
You tentacle-slap the worm. You squeeze the worm.
You kill the worm!
The giant cockroach closely misses you.
You tentacle-slap the giant cockroach.
You kill the giant cockroach!
No target in view!
A dart slug comes into view.
A dart slug is nearby!
A goblin comes into view.
It is wielding a +2 dagger of electrocution.
You see here a blade talisman.
l - a blade talisman The goblin shouts!
You tentacle-slap the goblin. You grab the goblin.
The goblin is moderately wounded.
You constrict the goblin.
The goblin hits you with a +2 dagger of electrocution.
You are electrocuted!!
Ouch! That really hurt!
You die...

## ..# # ######.#
### ... #....#.#
.... ....##....#.#
##...
#........<#.##....
..##....#....#
.....$.†....g.#
#.#.....##..h.#
#w.......#....#
.##......#....#
#....#.#....#
....## .#....#
###. .#....#
####.# #.# #.#


You could see a goblin.

Vanquished Creatures
  A worm (D:2)
  3 bats (D:1)
  2 giant cockroaches
  6 goblins (D:1)
  2 hobgoblins (D:1)
  3 jackals (D:1)
  3 kobolds (D:1)
  A quokka (D:1)
  A ball python (D:1)
  A frilled lizard (D:1)
  4 rats (D:1)
27 creatures vanquished.

Notes
Turn   | Place    | Note
-------+----------+-------------------------------------------
     0 | D:1      | LeprechaunX the Octopode Shapeshifter began the quest for
                  | the Orb.
     0 | D:1      | Reached XP level 1. HP: 13/13 MP: 1/1
   121 | D:1      | Reached XP level 2. HP: 11/18 MP: 2/2
   481 | D:1      | Reached XP level 3. HP: 16/23 MP: 3/3
   731 | D:2      | Slain by a goblin

Illustrated notes

Levels and vault maps discovered:
D:1:      minmay_arrival_cross, layout_basic, st_stairs_1,
          nicolae_twisty_statue_hallways
D:2:      minmay_recursive_quarters, layout_basic

Action                     || total
---------------------------++-------
  Melee: Unarmed           ||    58
         Constrict         ||    10
         Tentacles         ||    11
   Stab: Sleeping          ||     3
 Armour: Skin              ||    28
  Dodge: Dodged            ||    37

Table legend: (Time is in decaauts)
 A = Elapsed time spent in this place.
 B = Non-inter-level travel time spent in this place.
 C = Inter-level travel time spent in this place.
 D = Time resting spent in this place.
 E = Time spent auto-exploring this place.
 F = Levels seen in this place.
 G = Mean time per level.
                   A        B        C        D        E       F      G
               +--------+--------+--------+--------+--------+-----+--------+
         Total |    727 |    709 |     18 |      0 |    555 |   2 |  363.5 |
       Dungeon |    727 |    709 |     18 |      0 |    555 |   2 |  363.5 |
               +--------+--------+--------+--------+--------+-----+--------+

Top non-repeatable levels by time:
     D:1: 697 daAuts
     D:2: 30 daAuts
